[Event "DVM U14w 2019"]
[Site "Neumuenster"]
[Date "2019.12.27"]
[Round "2"]
[White "Oswald, Hannah"]
[Black "Müller, Helene"]
[Result "1-0"]
[ECO "B78"]
[WhiteElo "1647"]
[BlackElo "1545"]
[Annotator "NA"]
[PlyCount "118"]
[EventDate "2019.12.27"]
[EventType "team-tourn"]
[EventRounds "7"]
[EventCountry "GER"]
[SourceTitle "playchess.com"]
[Source "ChessBase"]
[SourceQuality "1"]
[WhiteTeam "SG Leipzig"]
[BlackTeam "SC Borussia Lichtenberg"]
[TimeControl "40/5400+30:1800+30"]

1. e4 c5 2. Nf3 d6 3. d4 cxd4 4. Nxd4 Nf6 5. Nc3 g6 6. Be3 Bg7 7. f3 Nc6 8. Bc4 Bd7 9. Qd2 O-O 10. O-O-O Rc8 11. Bb3 a6 12. g4 b5 13. h4 Na5 14. Bh6 Nxb3+ 15. Nxb3 a5 16. Bxg7 Kxg7 17. e5 Ng8 18. exd6 exd6 19. Qxd6 Bc6 20. Qxd8 Rfxd8 21. Nd4 b4 22. Nxc6 Rxd1+ 23. Rxd1 Rxc6 24. Ne4 Ne7 25. Rd7 Nc8 26. b3 Ra6 27. Rc7 Nd6 28. Nc5 Ra8 29. Rd7 Nb5 30. Ne6+ Kg8 31. Ng5 Ra7 32. Rxa7 Nxa7 33. Ne4 Nc6 34. Kb2 Nd4 35. Nd2 Kf8 36. c3 bxc3+ 37. Kxc3 Nc6 38. Kc4 Ke7 39. Kb5 Kd6 40. Ne4+ Kc7 41. Ng5 Ne5 42. Kxa5 h6 43. Ne4 Nxf3 44. h5 Ne5 45. Nf6 Kd6 46. Ne4+ Ke6 47. Nf2 f5 48. gxf5+ gxf5 49. b4 Kd6 50. a4 Kc7 51. Kb5 Nc6 52. Kc5 Kd7 53. Nd3 Kc7 54. Nf4 Kb7 55. b5 Na5 56. Kb4 Nc6+ 57. bxc6+ Kxc6 58. Kc4 Kb6 59. Kd5 Ka5 {[%emt 0:00:00] normal Ke4} 1-0

[Event "DVM U14w 2019"]
[Site "Neumuenster"]
[Date "2019.12.27"]
[Round "2"]
[White "Roncea, Andreea-Alexandra"]
[Black "Glowiak, Alexandra"]
[Result "1/2-1/2"]
[ECO "C50"]
[WhiteElo "1591"]
[BlackElo "1403"]
[Annotator "NA"]
[PlyCount "120"]
[EventDate "2019.12.27"]
[EventType "team-tourn"]
[EventRounds "7"]
[EventCountry "GER"]
[SourceTitle "playchess.com"]
[Source "ChessBase"]
[SourceQuality "1"]
[WhiteTeam "SC Papenburg"]
[BlackTeam "SV Traktor Priestewitz"]
[TimeControl "40/5400+30:1800+30"]

1. e4 e5 2. Nf3 Nc6 3. Bc4 Bc5 4. d3 d6 5. c3 Nf6 6. Bb3 Bg4 7. O-O O-O 8. Nbd2 d5 9. exd5 Nxd5 10. Ne4 Bb6 11. h3 Bxf3 12. Qxf3 Nce7 13. a3 c6 14. c4 Nc7 15. c5 Ba5 16. Nd6 Ncd5 17. Nxb7 Qc7 18. Nd6 Qd7 19. Qg3 Ng6 20. Qf3 Nge7 21. Nc4 Bc7 22. Re1 Ng6 23. Be3 Rad8 24. Rad1 Rfe8 25. Bc2 Re6 26. d4 Rf6 27. Qg4 Qxg4 28. hxg4 Nxe3 29. fxe3 exd4 30. Rxd4 Rxd4 31. exd4 Kf8 32. Bf5 Ne7 33. Bc2 Rf4 34. Re4 Rxe4 35. Bxe4 h6 36. Kf2 f6 37. Ne3 g6 38. b4 a6 39. Bd3 a5 40. b5 cxb5 41. Bxb5 Nc8 42. d5 Be5 43. d6 Nxd6 44. cxd6 Bxd6 45. a4 Ke7 46. Nc4 Bc7 47. Ke3 Ke6 48. Be8 f5 49. Bxg6 fxg4 50. Ke4 Kf6 51. Bf5 h5 52. Ne3 Kg5 53. Nf1 Bb8 54. Be6 Bc7 55. Bd7 Bd8 56. Ng3 Bc7 57. Nf1 Bd8 58. Bf5 Bc7 59. Bd7 Bd8 60. Bf5 Bc7 {[%emt 0:00:00] normal} 1/2-1/2

[Event "DVM U14w 2019"]
[Site "Neumuenster"]
[Date "2019.12.27"]
[Round "2"]
[White "Evering, Enna"]
[Black "Moradi, Yassaman"]
[Result "1-0"]
[ECO "B90"]
[WhiteElo "1556"]
[BlackElo "1293"]
[Annotator "NA"]
[PlyCount "108"]
[EventDate "2019.12.27"]
[EventType "team-tourn"]
[EventRounds "7"]
[EventCountry "GER"]
[SourceTitle "playchess.com"]
[Source "ChessBase"]
[SourceQuality "1"]
[WhiteTeam "SC Papenburg"]
[BlackTeam "SV Traktor Priestewitz"]
[TimeControl "40/5400+30:1800+30"]

1. e4 c5 2. Nf3 d6 3. d4 cxd4 4. Nxd4 Nf6 5. Nc3 a6 6. f3 e5 7. Nb3 Be7 8. Be3 O-O 9. Qd2 b5 10. O-O-O Bb7 11. g4 Nbd7 12. Rg1 Nb6 13. g5 Nh5 14. Nd5 Bxd5 15. exd5 Rc8 16. Na5 Nc4 17. Bxc4 bxc4 18. Nc6 Qc7 19. h4 Rfe8 20. Qc3 Qd7 21. Qxc4 Qf5 22. Qxa6 Nf4 23. Bxf4 Qxf4+ 24. Kb1 Qf5 25. Qd3 Qd7 26. Rdf1 Bd8 27. Nxd8 Rcxd8 28. Qe4 Ra8 29. b3 Qa7 30. a4 Reb8 31. Kc1 Qc5 32. Qd3 Qa3+ 33. Kd1 Rb4 34. Rg4 Rab8 35. Rxb4 Rxb4 36. Qc3 g6 37. Ke2 Rxa4 38. Qc8+ Kg7 39. bxa4 Qxa4 40. Rh1 Qb5+ 41. Kf2 Qxd5 42. Qc3 Qe6 43. Kg2 d5 44. Re1 d4 45. Qc5 f6 46. gxf6+ Kxf6 47. Qf8+ Qf7 48. Qxf7+ Kxf7 49. Rxe5 Kf6 50. Re4 h6 51. Rxd4 g5 52. hxg5+ hxg5 53. c4 Ke6 54. c5 Ke5 {normal} 1-0

[Event "DVM U14w 2019"]
[Site "Neumuenster"]
[Date "2019.12.27"]
[Round "2"]
[White "von Beckh, Frieda"]
[Black "Zhou, Lepu Coco"]
[Result "0-1"]
[ECO "C55"]
[WhiteElo "1513"]
[BlackElo "1892"]
[Annotator "NA"]
[PlyCount "53"]
[EventDate "2019.12.27"]
[EventType "team-tourn"]
[EventRounds "7"]
[EventCountry "GER"]
[SourceTitle "playchess.com"]
[Source "ChessBase"]
[SourceQuality "1"]
[WhiteTeam "SV Multatuli Ingelheim"]
[BlackTeam "USV Halle"]
[TimeControl "40/5400+30:1800+30"]

1. e4 e5 2. Nf3 Nc6 3. d4 exd4 4. Bc4 Nf6 5. O-O Bc5 6. Re1 O-O 7. Bg5 h6 8. Bh4 d6 9. e5 dxe5 10. Nxe5 Nxe5 11. Rxe5 Bd6 12. Rb5 a6 13. Rb3 b5 14. Bd5 Bxh2+ 15. Kxh2 Qxd5 16. Bxf6 Qd6+ 17. Rg3 Qxf6 18. Qd2 Bb7 19. c3 Rad8 20. Kg1 dxc3 21. Qxc3 Rd1+ 22. Kh2 Qh4+ 23. Rh3 Qxf2 24. Rg3 Qg1+ 25. Kh3 Bc8+ 26. Kh4 Qh1+ 27. Rh3 {normal} 0-1

[Event "DVM U14w 2019"]
[Site "Neumuenster"]
[Date "2019.12.27"]
[Round "2"]
[White "Berghold, Lotta"]
[Black "Reuter, Elisa"]
[Result "0-1"]
[ECO "A49"]
[WhiteElo "1398"]
[BlackElo "1850"]
[Annotator "NA"]
[PlyCount "122"]
[EventDate "2019.12.27"]
[EventType "team-tourn"]
[EventRounds "7"]
[EventCountry "GER"]
[SourceTitle "playchess.com"]
[Source "ChessBase"]
[SourceQuality "1"]
[WhiteTeam "SC Borussia Lichtenberg"]
[BlackTeam "SG Leipzig"]
[TimeControl "40/5400+30:1800+30"]

1. d4 Nf6 2. Nf3 g6 3. g3 Bg7 4. Bg2 O-O 5. O-O d5 6. b3 c5 7. Bb2 Ne4 8. Qc1 Nc6 9. dxc5 Nxc5 10. Bxg7 Kxg7 11. Rd1 e5 12. e3 e4 13. Qb2+ Qf6 14. Qxf6+ Kxf6 15. Nd4 Be6 16. Nc3 Rfd8 17. h3 Rac8 18. Nce2 Ne5 19. Rd2 g5 20. g4 Ncd7 21. Rad1 Ke7 22. Ng3 Nf6 23. a3 a6 24. Kf1 Rd7 25. Re2 h5 26. gxh5 Rh8 27. Ngf5+ Kd8 28. h6 Ng8 29. Red2 Nxh6 30. Nxe6+ fxe6 31. Nxh6 Rxh6 32. Ke2 b5 33. Rd4 Ke8 34. R4d2 Rf7 35. Rf1 Rhf6 36. Ke1 Rh7 37. Ke2 Kf7 38. Ke1 Kg6 39. Ke2 Rf8 40. Ke1 Rc8 41. Kd1 a5 42. Ke2 Rc3 43. Ra1 a4 44. Rb1 Ra7 45. bxa4 bxa4 46. Kd1 Rxa3 47. Bf1 Nf3 48. Re2 Rc3 49. Ra1 Rc6 50. Kc1 a3 51. Kd1 Kf6 52. Kc1 Ke7 53. Kb1 Rb6+ 54. Kc1 Rc6 55. Kb1 Kd6 56. Ka2 Kc5 57. c3 Ne5 {[%emt 0:00:11] normal} 58. Kb1 Rb6+ 59. Kc1 Nd3+ 60. Kc2 {[%emt 0:01:26] normal} Rab7 61. Bg2 Rb2+ {[%emt 0:00:05] normal} 0-1

[Event "DVM U14w 2019"]
[Site "Neumuenster"]
[Date "2019.12.27"]
[Round "2"]
[White "Klühs, Isabel"]
[Black "Nguyen, Jenny Ha-Linh"]
[Result "1/2-1/2"]
[ECO "A48"]
[WhiteElo "1363"]
[BlackElo "1387"]
[Annotator "NA"]
[PlyCount "74"]
[EventDate "2019.12.27"]
[EventType "team-tourn"]
[EventRounds "7"]
[EventCountry "GER"]
[SourceTitle "playchess.com"]
[Source "ChessBase"]
[SourceQuality "1"]
[WhiteTeam "SC Borussia Lichtenberg"]
[BlackTeam "SG Leipzig"]
[TimeControl "40/5400+30:1800+30"]

1. d4 Nf6 2. Nf3 g6 3. e3 Bg7 4. Bd3 O-O 5. O-O d6 6. c3 Nbd7 7. Nbd2 e5 8. Re1 Nd5 9. dxe5 Nxe5 10. Nxe5 dxe5 11. Nf3 c6 12. e4 Nb6 13. h3 Qc7 14. Bc2 h6 15. Be3 Be6 16. Qc1 Kh7 17. Nd2 Rad8 18. Rd1 Rfe8 19. Bb3 Bxb3 20. Nxb3 Nc4 21. Rxd8 Rxd8 22. Qe1 Nxe3 23. Qxe3 b6 24. Qf3 Qd7 25. Kf1 a5 26. a4 Qe6 27. Nc1 Rd2 28. Rb1 Qd7 29. Nb3 Rd3 30. Qe2 Rd6 31. h4 h5 32. g3 Bh6 33. Ke1 Qe6 34. c4 Qd7 35. Rd1 Rxd1+ 36. Qxd1 Qxd1+ 37. Kxd1 Bf8 {[%emt 0:00:38] normal} 1/2-1/2

[Event "DVM U14w 2019"]
[Site "Neumuenster"]
[Date "2019.12.27"]
[Round "2"]
[White "Moradi, Yakta"]
[Black "Lenger, Julia"]
[Result "1-0"]
[ECO "C00"]
[WhiteElo "1257"]
[BlackElo "856"]
[Annotator "NA"]
[PlyCount "84"]
[EventDate "2019.12.27"]
[EventType "team-tourn"]
[EventRounds "7"]
[EventCountry "GER"]
[SourceTitle "playchess.com"]
[Source "ChessBase"]
[SourceQuality "1"]
[WhiteTeam "SV Traktor Priestewitz"]
[BlackTeam "SC Papenburg"]
[TimeControl "40/5400+30:1800+30"]

1. e4 e6 2. Nf3 d5 3. exd5 exd5 4. d4 Nf6 5. Bg5 Bg4 6. Be2 Be7 7. Nc3 c6 8. h3 Bxf3 9. Bxf3 Nbd7 10. Qd3 Qc7 11. Bh4 O-O-O 12. O-O-O h6 13. Bg3 Bd6 14. Bxd6 Qxd6 15. Rde1 Rhe8 16. Rxe8 Rxe8 17. Qd2 Nb6 18. Re1 Rxe1+ 19. Qxe1 Kb8 20. Kb1 Nc4 21. b3 Nb6 22. Qe2 Qb4 23. Qe5+ Kc8 24. Qe3 Nc4 25. Qd3 Nd7 26. Kc1 Qa3+ 27. Kd1 Nb2+ 28. Kd2 Nxd3 29. Kxd3 Qa6+ 30. Kd2 Nf6 31. Be2 Qa5 32. Kd3 c5 33. Nxd5 Nxd5 34. Bg4+ Kc7 35. c4 Qc3+ 36. Ke2 Nf4+ 37. Kd1 cxd4 38. g3 Ng2 39. Bf3 Qxf3+ 40. Kc2 Qc3+ 41. Kd1 d3 42. a4 Qe1# {normal} 1-0

[Event "DVM U14w 2019"]
[Site "Neumuenster"]
[Date "2019.12.27"]
[Round "2"]
[White "Mai, Mariella"]
[Black "Zöllner, Bente"]
[Result "0-1"]
[ECO "A02"]
[WhiteElo "1232"]
[BlackElo "1630"]
[Annotator "NA"]
[PlyCount "78"]
[EventDate "2019.12.27"]
[EventType "team-tourn"]
[EventRounds "7"]
[EventCountry "GER"]
[SourceTitle "playchess.com"]
[Source "ChessBase"]
[SourceQuality "1"]
[WhiteTeam "SV Traktor Priestewitz"]
[BlackTeam "SC Papenburg"]
[TimeControl "40/5400+30:1800+30"]

1. f4 c5 2. e4 Nc6 3. Nf3 g6 4. d4 cxd4 5. Nxd4 Bg7 6. Nxc6 bxc6 7. Be2 Nf6 8. e5 Nd5 9. Bf3 Bb7 10. c4 Nb6 11. b3 d6 12. Bb2 Nd7 13. Qe2 dxe5 14. fxe5 Nxe5 15. Bxe5 Qa5+ 16. Nd2 Bxe5 17. Rb1 Bf6 18. O-O Qxa2 19. Bxc6+ Bxc6 20. Rxf6 Bd7 21. Re1 O-O 22. Rf2 Be6 23. Qf3 Rab8 24. Qg3 Rfc8 25. Qh4 Rd8 26. Qh6 Qb2 27. Ne4 Qg7 28. Qh4 Rxb3 29. Nc5 Rb6 30. Qxe7 Qf8 31. Qg5 Bxc4 32. Ne4 Re6 33. Qh4 Kg7 34. Rf6 Rde8 35. Rxe6 Rxe6 36. Ng5 Qc5+ 37. Kh1 Qxg5 38. Qd4+ Qf6 39. Qd1 Rxe1+ {[%emt 0:00:51] normal} 0-1

[Event "DVM U14w 2019"]
[Site "Neumuenster"]
[Date "2019.12.27"]
[Round "2"]
[White "Heintz, Lilly"]
[Black "Werner, Rosalie"]
[Result "0-1"]
[ECO "D37"]
[WhiteElo "1219"]
[BlackElo "1674"]
[Annotator "NA"]
[PlyCount "59"]
[EventDate "2019.12.27"]
[EventType "team-tourn"]
[EventRounds "7"]
[EventCountry "GER"]
[SourceTitle "playchess.com"]
[Source "ChessBase"]
[SourceQuality "1"]
[WhiteTeam "SC Leipzig-Lindenau"]
[BlackTeam "VSG 1880 Offenbach"]
[TimeControl "40/5400+30:1800+30"]

1. d4 e6 2. Nf3 d5 3. c4 Nf6 4. Nc3 Be7 5. Bf4 c6 6. e3 Nbd7 7. cxd5 exd5 8. g3 O-O 9. Bg2 Qb6 10. Qc2 Re8 11. O-O Nf8 12. Rfe1 Ne6 13. Ne2 Ne4 14. Ne5 g5 15. Bxe4 dxe4 16. Qxe4 Ng7 17. b3 gxf4 18. Nxf4 Bd6 19. Qg2 Bxe5 20. dxe5 Rxe5 21. Rad1 Bf5 22. h4 Rd8 23. Qf1 Re7 24. Kh2 Rxd1 25. Rxd1 Rd7 26. Re1 Rd2 27. Re2 Qd8 28. Qa1 Be4 29. Qc1 Rd1 30. Qxd1 {normal} 0-1

[Event "DVM U14w 2019"]
[Site "Neumuenster"]
[Date "2019.12.27"]
[Round "2"]
[White "Halas, Neele Zoe"]
[Black "Hafermann, Lara"]
[Result "0-1"]
[ECO "B00"]
[WhiteElo "1076"]
[BlackElo "1161"]
[Annotator "NA"]
[PlyCount "116"]
[EventDate "2019.12.27"]
[EventType "team-tourn"]
[EventRounds "7"]
[EventCountry "GER"]
[SourceTitle "playchess.com"]
[Source "ChessBase"]
[SourceQuality "1"]
[WhiteTeam "SG Leipzig"]
[BlackTeam "SC Borussia Lichtenberg"]
[TimeControl "40/5400+30:1800+30"]

1. e4 b6 2. d4 Bb7 3. Nc3 e6 4. Bc4 Nf6 5. Qf3 Bb4 6. Nge2 Nxe4 7. O-O Nxc3 8. Qxb7 Nxe2+ 9. Bxe2 Nc6 10. c3 Be7 11. Bf3 O-O 12. Bxc6 dxc6 13. Qxc6 Qd6 14. Qxd6 Bxd6 15. Be3 Rac8 16. Rad1 Rfd8 17. Rfe1 Rd7 18. f3 Rcd8 19. Bf2 c5 20. dxc5 Bxh2+ 21. Kxh2 Rxd1 22. Rxd1 Rxd1 23. cxb6 axb6 24. Bxb6 Rd2 25. b4 Rxa2 26. c4 Rb2 27. Ba5 Kf8 28. c5 Ke7 29. c6 h5 30. c7 Kd7 31. Kh3 g5 32. g3 e5 33. g4 hxg4+ 34. Kxg4 f6 35. Kf5 Rb3 36. Kg4 Rc3 37. Kg3 Rc4 38. Kf2 e4 39. fxe4 Rxe4 40. b5 Re5 41. Kg3 Rxb5 42. c8=Q+ Kxc8 43. Bb4 Rxb4 44. Kf3 Kc7 45. Ke3 Kc6 46. Kf3 Kd5 47. Ke3 Rf4 48. Kd3 Re4 49. Kc3 Rd4 50. Kc2 Kc4 51. Kb2 Rd3 52. Kc2 g4 53. Kb2 Rc3 54. Ka1 Rb3 55. Ka2 Kc3 56. Ka1 Kc2 57. Ka2 g3 58. Ka1 Ra3# {normal} 0-1

[Event "DVM U14w 2019"]
[Site "Neumuenster"]
[Date "2019.12.27"]
[Round "2"]
[White "Gyácsok, Dzvinka"]
[Black "Voigt, Anastasia"]
[Result "0-1"]
[ECO "C50"]
[WhiteElo "997"]
[BlackElo "1511"]
[Annotator "NA"]
[PlyCount "84"]
[EventDate "2019.12.27"]
[EventType "team-tourn"]
[EventRounds "7"]
[EventCountry "GER"]
[SourceTitle "playchess.com"]
[Source "ChessBase"]
[SourceQuality "1"]
[WhiteTeam "SV Multatuli Ingelheim"]
[BlackTeam "USV Halle"]
[TimeControl "40/5400+30:1800+30"]

1. e4 e5 2. Nf3 Nc6 3. Bc4 Bc5 4. Nc3 Nf6 5. d3 d6 6. h3 h6 7. Be3 Bb6 8. Nh4 Nxe4 9. Bxf7+ Kxf7 10. Qf3+ Nf6 11. Nd5 Rf8 12. Nxf6 Qxf6 13. Qxf6+ gxf6 14. Bxb6 axb6 15. a3 Nd4 16. O-O-O Be6 17. Rd2 Bd5 18. c3 Nb3+ 19. Kc2 Nxd2 20. Kxd2 Rg8 21. Rg1 Be6 22. g4 h5 23. f3 hxg4 24. fxg4 Rh8 25. Nf3 Rxh3 26. Ke3 Bd5 27. Rf1 Rg8 28. c4 Bc6 29. Ke2 Rxg4 30. Ng1 Rg2+ 31. Ke1 Rxd3 32. Ne2 Re3 33. Rf2 Rxf2 34. Kxf2 Rb3 35. Nc1 Rxb2+ 36. Kg3 Rg2+ 37. Kh4 Kg6 38. Nd3 Kf5 39. Ne1 Rg1 40. Nc2 e4 41. Ne3+ Kf4 42. Nc2 Rh1# {[%emt 0:00:05] normal} 0-1

[Event "DVM U14w 2019"]
[Site "Neumuenster"]
[Date "2019.12.27"]
[Round "2"]
[White "Kießling, Luisa"]
[Black "Dixon, Laura Michaela"]
[Result "0-1"]
[ECO "C50"]
[WhiteElo "865"]
[BlackElo "1310"]
[Annotator "NA"]
[PlyCount "26"]
[EventDate "2019.12.27"]
[EventType "team-tourn"]
[EventRounds "7"]
[EventCountry "GER"]
[SourceTitle "playchess.com"]
[Source "ChessBase"]
[SourceQuality "1"]
[WhiteTeam "SC Leipzig-Lindenau"]
[BlackTeam "VSG 1880 Offenbach"]
[TimeControl "40/5400+30:1800+30"]

1. e4 e5 2. Nf3 Nc6 3. Bc4 Bc5 4. O-O d6 5. Nc3 Bg4 6. h3 Bh5 7. d3 Nd4 8. Bg5 Nxf3+ 9. Kh1 Qxg5 10. gxf3 Qf4 11. Kg1 Bxf3 12. Qb1 Qg5+ 13. Kh2 Qg2# {[%emt 0:00:10] normal} 0-1

[Event "DVM U14w 2019"]
[Site "Neumuenster"]
[Date "2019.12.27"]
[Round "2"]
[White "Boutayeb, Malak"]
[Black "Göllnitz, Cölestine"]
[Result "0-1"]
[ECO "C50"]
[WhiteElo "800"]
[BlackElo "800"]
[Annotator "NA"]
[PlyCount "66"]
[EventDate "2019.12.27"]
[EventType "team-tourn"]
[EventRounds "7"]
[EventCountry "GER"]
[SourceTitle "playchess.com"]
[Source "ChessBase"]
[SourceQuality "1"]
[WhiteTeam "VSG 1880 Offenbach"]
[BlackTeam "SC Leipzig-Lindenau"]
[TimeControl "40/5400+30:1800+30"]

1. e4 e5 2. Nf3 Nc6 3. Bc4 Bc5 4. d3 d6 5. Be3 Bb4+ 6. c3 Ba5 7. O-O Bg4 8. d4 Qe7 9. Nbd2 O-O-O 10. Nb3 Bb6 11. Qd2 Nf6 12. Bd5 Nxd5 13. exd5 Na5 14. c4 Nxc4 15. Qc3 Nxe3 16. fxe3 Rd7 17. dxe5 dxe5 18. Nxe5 Rxd5 19. Nxf7 Bxe3+ 20. Kh1 Rf8 21. Qc4 Be6 22. Rae1 Bb6 23. Rd1 c6 24. Nd4 Bxd4 25. Rxd4 Rxf7 26. Rfd1 Rff5 27. b4 b5 28. Rc1 bxc4 29. Rdxc4 c5 30. bxc5 Rxc5 31. R4c2 Qf8 32. g4 Rf1+ 33. Rxf1 Qxf1# {[%emt 0:00:15] normal} 0-1

[Event "DVM U14w 2019"]
[Site "Neumuenster"]
[Date "2019.12.28"]
[Round "3"]
[White "Zhou, Lepu Coco"]
[Black "Buchholz, Maja"]
[Result "*"]
[ECO "B53"]
[WhiteElo "1892"]
[BlackElo "1666"]
[Annotator "NA RC"]
[PlyCount "87"]
[EventDate "2019.12.27"]
[EventType "team-tourn"]
[EventRounds "7"]
[EventCountry "GER"]
[SourceTitle "playchess.com"]
[Source "ChessBase"]
[SourceQuality "1"]
[WhiteTeam "USV Halle"]
[BlackTeam "VSG 1880 Offenbach"]
[WhiteTeamCountry "GER"]
[BlackTeamCountry "GER"]
[TimeControl "40/5400+30:1800+30"]

1. e4 c5 2. Nf3 d6 3. d4 cxd4 4. Qxd4 a6 5. c4 Nf6 6. Nc3 e6 7. Be2 Be7 {[%emt 0:00:15] B53: Sicilian: 2...d6: Lines with Qxd4} 8. O-O Nbd7 9. Be3 O-O $146 ({Predecessor:} 9... Qc7 10. Qd2 O-O 11. Nd4 b6 12. Rfc1 Bb7 13. f3 Rac8 14. a4 Ne5 15. a5 bxa5 16. Nb3 Nc6 17. Nd5 exd5 18. cxd5 Qb8 19. dxc6 Bxc6 20. Nxa5 Bb5 21. Nc4 Nd7 22. Bf4 Rc6 {½-½ (36) Wagener,A (2255)-Kosintseva,T (2497) St Petersburg 2009}) 10. b4 b6 11. Na4 Rb8 12. Nd2 e5 {[%emt 0:03:07] unterminated} 13. Qd3 h6 14. f3 {[%emt 0:00:27] unterminated} Bb7 15. Nb3 {[%emt 0:00:55] unterminated} Qc7 {[%emt 0:02:51] unterminated} (15... b5 $1 $11 16. cxb5 axb5) 16. Rac1 {[%emt 0:01:40] unterminated} Rbc8 {[%emt 0:01:22] unterminated} 17. Rfd1 {[%emt 0:04:16] unterminated} Qb8 {[%emt 0:03:44] unterminated} 18. Bxb6 {[%emt 0:08:22] unterminated} Bxe4 {[%emt 0:02:44] unterminated} 19. fxe4 {[%emt 0:04:35] unterminated} Nxb6 20. Nb2 {[%emt 0:00:23] unterminated} Rfd8 {[%emt 0:04:58] unterminated} 21. Qe3 {[%emt 0:01:27] unterminated} Nbd7 22. a3 Qb7 23. Na5 Qxe4 24. Qxe4 Nxe4 25. Nb7 {[%emt 0:00:11] unterminated} Rf8 26. c5 {[%emt 0:00:08] unterminated} Rc7 27. cxd6 {[%emt 0:00:36] unterminated} Rxb7 28. dxe7 {[%emt 0:00:08] unterminated} Re8 29. Bxa6 {[%emt 0:00:15] unterminated} Ra7 30. Rc8 {[%emt 0:00:09] unterminated} Ndf6 31. Rxe8+ {[%emt 0:03:28] unterminated} Nxe8 32. b5 {[%emt 0:00:36] unterminated} f6 {[%emt 0:02:58] unterminated} 33. Rd8 {[%emt 0:01:36] unterminated} Kf7 $18 34. b6 Rxa6 35. b7 Rb6 36. b8=Q Rxb8 37. Rxb8 Kxe7 38. Nc4 Nc5 39. Kf2 Nc7 40. Rc8 N5a6 41. Ke3 Ke6 42. Rg8 Kf7 43. Rd8 {[%emt 0:00:12] unterminated} h5 {[%emt 0:02:09] unterminated} 44. Rh8 *

[Event "DVM U14w 2019"]
[Site "Neumuenster"]
[Date "2019.12.28"]
[Round "3"]
[White "Reuter, Elisa"]
[Black "Roncea, Andrea-Alexandra"]
[Result "*"]
[ECO "C54"]
[WhiteElo "1850"]
[BlackElo "1591"]
[Annotator "NA RC"]
[PlyCount "61"]
[EventDate "2019.12.27"]
[EventType "team-tourn"]
[EventRounds "7"]
[EventCountry "GER"]
[SourceTitle "playchess.com"]
[Source "ChessBase"]
[SourceQuality "1"]
[WhiteTeam "SG Leipzig"]
[BlackTeam "SC Papenburg"]
[WhiteTeamCountry "GER"]
[BlackTeamCountry "GER"]
[TimeControl "40/5400+30:1800+30"]

1. e4 e5 2. Nf3 Nc6 3. Bc4 Bc5 4. c3 Nf6 5. d3 a6 6. Bb3 Ba7 7. Nbd2 O-O 8. O-O d6 9. h3 Ne7 10. Re1 Ng6 11. Nf1 h6 12. Ng3 Re8 13. d4 b5 {[%emt 0:03:16] unterminated} 14. Bc2 Bb7 {[%emt 0:00:40] unterminated} 15. a4 {[%emt 0:01:40] unterminated} c5 {[%emt 0:07:11] unterminated [#] unterminated. C54: Giuoco Piano: 4 c3 Nf6, main lines with 5 d4 and 5 d3} 16. d5 $146 {[%emt 0:03:21] unterminated} ({Predecessor:} 16. Be3 Bb6 17. axb5 axb5 18. Rxa8 Bxa8 19. dxe5 Nxe5 20. Nxe5 dxe5 21. Qxd8 Rxd8 22. b4 Rc8 23. Nf5 Kf8 24. Nd6 Rc6 25. Ra1 Rxd6 26. Rxa8+ Rd8 27. Bxc5+ Kg8 28. Rxd8+ Bxd8 29. Bd3 Nd7 30. Bd6 {1-0 (30) Neiksans,A (2627)-Tari,A (2584) chess.com INT 2017}) 16... Qc7 {[%emt 0:14:50] unterminated} 17. Nf5 {[%emt 0:05:03] unterminated} Bc8 {unterminated} 18. N3h4 {[%emt 0:02:38] unterminated} Bxf5 19. Nxf5 Ne7 {[%emt 0:00:47] unterminated} 20. Ng3 {[%emt 0:03:32] unterminated} Rec8 {[%emt 0:03:52] unterminated} 21. Qf3 {[%emt 0:02:06] unterminated} Nh7 {[%emt 0:03:21] unterminated} 22. h4 {[%emt 0:04:19] unterminated} b4 23. c4 {[%emt 0:00:27] unterminated} Qd7 {[%emt 0:04:39] unterminated} 24. h5 {[%emt 0:01:03] unterminated} f6 {[%emt 0:03:29] unterminated} 25. b3 $16 {[%emt 0:07:37] unterminated} Kf7 26. Bd1 {[%emt 0:00:46] unterminated} Rg8 {[%emt 0:03:43] unterminated} 27. Qd3 {[%emt 0:02:10] unterminated} Ke8 {[%emt 0:03:19] unterminated} 28. Be2 {[%emt 0:01:24] unterminated} Nf8 29. Qd1 {[%emt 0:00:50] unterminated} Kd8 30. Bg4 {[%emt 0:00:23] unterminated} Qc7 {[%emt 0:01:27] unterminated} 31. Bf5 {[%emt 0:04:35] unterminated} *

[Event "DVM U14w 2019"]
[Site "Neumuenster"]
[Date "2019.12.28"]
[Round "3"]
[White "Werner, Rosalie"]
[Black "Dietz, Kristin"]
[Result "*"]
[ECO "B42"]
[WhiteElo "1674"]
[BlackElo "1946"]
[Annotator "NA RC"]
[PlyCount "52"]
[EventDate "2019.12.27"]
[EventType "team-tourn"]
[EventRounds "7"]
[EventCountry "GER"]
[SourceTitle "playchess.com"]
[Source "ChessBase"]
[SourceQuality "1"]
[WhiteTeam "VSG 1880 Offenbach"]
[BlackTeam "USV Halle"]
[WhiteTeamCountry "GER"]
[BlackTeamCountry "GER"]
[TimeControl "40/5400+30:1800+30"]

1. e4 c5 2. Nf3 e6 3. d4 cxd4 4. Nxd4 a6 5. Bd3 Nf6 6. O-O Qc7 7. Nc3 b5 8. Qe2 d6 {[%emt 0:00:18] B43: Sicilian: Kan Variation: 5 Nc3} (8... Bb7 9. Bd2 Bd6 10. Kh1 Nc6 11. Nxc6 dxc6 12. Rae1 e5 13. a4 h5 14. h3 h4 15. Ra1 Rb8 16. axb5 axb5 17. Nd1 Nh5 18. Ne3 g6 19. Ng4 Qe7 20. Qf3 Kf8 21. c4 Kg7 22. b4 bxc4 23. Bxc4 {½-½ (23) Kadric,D (2556)-Stukopin,A (2587) Kenner 2016}) 9. Be3 Bb7 10. a3 Be7 {[%emt 0:00:58] unterminated} 11. Rae1 O-O {[%emt 0:00:51] unterminated} 12. f4 Nbd7 13. Nb3 Nc5 14. Nd2 $146 ({Predecessor:} 14. Bd2 e5 15. Kh1 Rfe8 16. fxe5 dxe5 17. Nxc5 Qxc5 18. Nd5 Nxd5 19. exd5 g6 20. Qxe5 {½-½ (20) Batricevic,S (2239)-Rajkovic,D (2409) Cetinje 2012}) 14... Rad8 15. Kh1 Nxd3 16. cxd3 d5 17. e5 d4 18. exf6 Bxf6 19. Nce4 {[%emt 0:00:26] unterminated} dxe3 20. Nxf6+ gxf6 {[%emt 0:00:09] unterminated} 21. Ne4 $11 {[%emt 0:13:45] unterminated} Bxe4 22. dxe4 Rd2 {[%emt 0:00:27] unterminated} 23. Qg4+ {[%emt 0:03:52] unterminated} Kh8 {[%emt 0:01:01] unterminated} 24. Qh4 {[%emt 0:00:15] unterminated} Rg8 {[%emt 0:11:32] unterminated} 25. Qxf6+ Rg7 {[%emt 0:00:08] unterminated} 26. Rxe3 {[%emt 0:01:47] unterminated} Rdxg2 {[%emt 0:01:07] unterminated} *